Map: [ESL] NeoHumanity

Players

Spirit - Winner!

  • Race: Terran Terran
  • Spawn Location: 11:00

HeroMarine

  • Race: Terran Terran
  • Spawn Location: 5:00

Event: ESL SC2 Masters 2023 Summer (Regionals)

VOD

Have the link to the VOD?

Description

Time

  • Played on: May 18, 2023, 10:11 a.m.
  • Length: 8:55

All games in this series

Show
View Real Time Build Order
Export as new Build Order

Spirit Terran - Winner!

Build Orders:  

Get SALT Encoding   

  12  0:00  SCV  
  13  0:12  SCV  
  14  0:17  Supply Depot  
  14  0:24  SCV  
  15  0:39  SCV  
  15  0:40  Barracks  
  16  0:44  Refinery  
  16  0:51  SCV  
  16  0:54  Refinery  
  17  1:03  SCV  
  18  1:15  SCV  
  19  1:27  Reaper, Orbital Command  
  19  1:31  Supply Depot  
  20  1:42  Factory  
  20  1:53  SCV  
  21  2:00  Reaper  
  22  2:05  SCV  
  23  2:17  SCV  
  23  2:21  Command Center  
  24  2:26  Hellion  
  24  2:29  SCV  
  27  2:32  Barracks Reactor  
  27  2:36  Supply Depot  
  27  2:41  SCV  
  28  2:47  Hellion  
  28  2:51  Starport  
  30  2:53  SCV  
  31  3:06  SCV  
  31  3:09  Factory Tech Lab, Marine x2  
  34  3:13  Refinery  
  34  3:18  SCV  
  35  3:27  Cyclone  
  35  3:28  Starport Tech Lab, Marine  
  35  3:32  Marine  
  35  3:33  Orbital Command  
  40  3:35  SCV  
  41  3:46  Raven  
  41  3:48  SCV  
  44  3:49  Marine  
  44  3:50  Marine  
  46  3:57  Supply Depot  
  46  3:58  SCV  
  46  4:00  SCV  
  48  4:04  Siege Tank  
  51  4:10  SCV  
  51  4:12  SCV  
  51  4:14  Marine  
  54  4:22  Raven  
  54  4:23  SCV  
  58  4:24  Supply Depot, SCV  
  59  4:35  SCV  
  59  4:39  Command Center  
  59  4:41  SCV  
  59  4:43  Factory Reactor  
  59  4:44  Stimpack  
  60  4:45  Marine  
  60  4:48  SCV  
  62  4:54  Barracks  
  62  4:56  Raven, SCV  
  65  5:00  Barracks  
  65  5:02  SCV  
  65  5:05  Supply Depot  
  66  5:08  SCV  
  66  5:13  Supply Depot  
  67  5:14  SCV  
  67  5:15  Marine  
  67  5:20  Engineering Bay, SCV  
  70  5:24  Engineering Bay  
  70  5:27  SCV  
  70  5:30  Refinery  
  70  5:32  SCV  
  71  5:39  SCV  
  71  5:40  Siege Tank  
  75  5:43  Marine x2  
  75  5:44  SCV, Marine  
  75  5:45  Starport Reactor  
  75  5:47  Terran Infantry Weapons Level 1  
  75  5:49  Terran Infantry Armor Level 1  
  79  5:54  Orbital Command  
  79  5:57  Marine x2  
  79  5:59  SCV  
  79  6:01  Marine  
  83  6:05  SCV, Marine  
  83  6:10  Marine  
  86  6:11  Supply Depot  
  86  6:12  Siege Tank  
  86  6:15  Marine  
  86  6:17  SCV, Orbital Command  
  91  6:20  Supply Depot  
  91  6:23  Combat Shield, Medivac  
  91  6:25  Marine, Medivac  
  95  6:28  Marine  
  95  6:32  SCV  
  98  6:34  Supply Depot, Marine  
  98  6:35  Supply Depot, Marine  
  98  6:39  Marine  
  101  6:42  Supply Depot, SCV x2  
  101  6:44  SCV  
  101  6:46  Siege Tank  
  107  6:51  Marine  
  107  6:53  Marine, Missile Turret  
  109  6:54  SCV  
  109  6:57  Medivac x2  
  109  6:59  SCV  
  115  7:02  SCV  
  115  7:03  Marine x3  
  115  7:06  SCV  
  120  7:09  Marine  
  120  7:11  SCV, Marine  
  124  7:20  Siege Tank, Marine  
  124  7:21  Marine x2  
  131  7:23  SCV  
  131  7:26  Armory  
  131  7:27  Barracks  
  131  7:28  Supply Depot  
  131  7:29  Marine  
  131  7:30  Refinery  
  131  7:31  Barracks  
  131  7:34  Marine  
  131  7:35  SCV  
  133  7:38  Marine x2  
  133  7:39  SCV, Marine  
  133  7:42  SCV  
  138  7:46  Marine  
  139  7:51  Marine  
  139  7:52  SCV  
  139  7:56  Marine x2  
  139  7:57  Marine  
  142  8:04  SCV, Marine  
  143  8:09  Marine  
  143  8:12  Medivac x2  
  131  8:14  SCV x2, Marine x3  
  136  8:22  Marine  
  136  8:24  Barracks Reactor x2  
  135  8:27  Marine  
  135  8:32  Marine x3  
  133  8:34  Refinery  
  133  8:37  Command Center  
Show
View Real Time Build Order
Export as new Build Order

HeroMarine Terran 

Build Orders:  

Get SALT Encoding   

  12  0:00  SCV  
  13  0:12  SCV  
  14  0:17  Supply Depot  
  14  0:24  SCV  
  15  0:38  SCV  
  15  0:39  Barracks  
  16  0:43  Refinery  
  16  0:50  SCV  
  16  0:53  Refinery  
  17  1:02  SCV  
  18  1:14  SCV  
  19  1:25  Reaper  
  19  1:26  Orbital Command  
  19  1:30  Supply Depot  
  20  1:40  Factory  
  20  1:52  SCV  
  21  1:57  Reaper  
  22  2:04  SCV  
  23  2:15  Command Center  
  23  2:17  SCV  
  24  2:24  Hellion  
  24  2:29  SCV  
  27  2:30  Barracks Reactor  
  27  2:40  Supply Depot  
  27  2:41  SCV  
  28  2:45  Factory Tech Lab  
  28  2:47  Starport  
  28  2:53  SCV  
  29  3:03  Cyclone  
  32  3:06  Marine x2  
  32  3:07  SCV  
  35  3:15  Refinery  
  35  3:19  SCV  
  36  3:23  Starport Tech Lab  
  38  3:28  Orbital Command  
  38  3:31  SCV  
  40  3:44  SCV, Raven  
  40  3:45  Marine x2  
  42  3:49  Siege Tank  
  42  3:55  SCV  
  46  3:56  SCV  
  46  3:59  Supply Depot  
  47  4:07  SCV  
  47  4:08  SCV  
  49  4:18  Raven  
  49  4:19  SCV  
  49  4:20  SCV  
  53  4:25  Command Center  
  53  4:30  Siege Tank  
  56  4:32  SCV  
  56  4:33  SCV  
  56  4:36  Supply Depot  
  58  4:44  SCV  
  60  4:45  SCV  
  60  4:48  Refinery  
  60  4:56  SCV  
  60  4:57  SCV  
  62  5:00  Stimpack  
  62  5:02  Siege Tank  
  62  5:03  Supply Depot  
  65  5:08  SCV  
  65  5:09  SCV  
  69  5:20  SCV  
  68  5:22  SCV  
  68  5:24  Viking x2  
  68  5:28  Barracks  
  73  5:29  Barracks  
  73  5:35  SCV  
  74  5:36  SCV, Siege Tank  
  78  5:47  SCV, Engineering Bay  
  78  5:48  Engineering Bay, SCV  
  80  5:55  Supply Depot  
  82  5:59  SCV  
  82  6:00  SCV  
  82  6:01  Orbital Command  
  86  6:08  Supply Depot  
  86  6:11  SCV, Liberator x2  
  86  6:12  SCV  
  86  6:14  Marine  
  86  6:16  Terran Infantry Armor Level 1, Terran Infantry Weapons Level 1, Barracks Reactor  
  86  6:17  Barracks Reactor  
  91  6:19  Supply Depot  
  91  6:23  SCV  
  91  6:24  SCV  
  93  6:26  Siege Tank  
  93  6:27  SCV  
  93  6:30  Supply Depot  
  93  6:31  Marine  
  98  6:35  SCV  
  98  6:36  SCV  
  101  6:40  SCV  
  101  6:42  Barracks  
  101  6:43  Barracks  
  101  6:49  SCV  
  101  6:50  SCV  
  101  6:52  SCV  
  104  6:56  Refinery, Sensor Tower  
  104  6:57  Refinery, Marine  
  104  6:58  Siege Tank  
  108  7:02  SCV x2  
  108  7:03  Marine  
  108  7:04  SCV  
  108  7:06  Marine x3  
  108  7:08  Missile Turret  
  115  7:14  SCV, Marine  
  115  7:15  SCV  
  118  7:16  SCV, Medivac  
  118  7:17  Medivac  
  118  7:19  Supply Depot  
  118  7:21  Combat Shield  
  118  7:22  Marine  
  121  7:23  Supply Depot  
  121  7:24  Marine  
  121  7:27  SCV x2  
  125  7:30  Barracks Reactor  
  125  7:31  Supply Depot, Barracks Reactor  
  125  7:40  Marine x3  
  125  7:41  SCV x2, Siege Tank, Marine  
  130  7:46  Marine  
  130  7:49  Viking x2  
  127  7:58  Marine x3  
  127  7:59  Marine  
  127  8:04  Marine  
  112  8:06  Marine x4  
  76  8:13  Siege Tank  
  76  8:16  Marine x3  
  76  8:17  Marine  
  76  8:19  Viking x2  
  76  8:21  Marine  
  76  8:23  Marine  
  76  8:24  Marine x3  
  75  8:34  Marine x4  
Tags
 
Add a new tag
Caveats
  • Supply blocks, unpowered buildings, or Contaminate may cause inaccurate times.
  • Supply counts are checked every 10 seconds.